[Event "42nd Olympiad Baku 2016 Women"]
[Site "Baku"]
[Date "2016.09.08"]
[Round "6.24"]
[White "Aranaz Murillo, Amalia"]
[Black "Fransson, Angelina"]
[Result "0-1"]
[ECO "E62"]
[WhiteElo "2279"]
[BlackElo "1996"]
[Annotator ""]
[PlyCount "80"]
[EventDate "2016.??.??"]
[EventType "team-tourn"]
[EventCountry "AZE"]
[SourceTitle "playchess.com"]
[Source "ChessBase"]
[WhiteTeam "Spain"]
[BlackTeam "Sweden"]
[WhiteTeamCountry "ESP"]
[BlackTeamCountry "SWE"]
[TimeControl "40/5400+30:1800+30"]

1. Nf3 {(00:00} Nf6 {(00:00} 2. c4 {(00:00} g6 {
(00:00} 3. g3 {(00:00} Bg7 {(00:00} 4. Bg2 {(00:
00} O-O {(00:00} 5. O-O {(00:05} d6 {(00:00} 6. d4 {
(00:10} Nc6 {(00:00} 7. Nc3 {(00:09} e5 {(00:03]
} 8. d5 {(01:15} Nb8 {(00:05} 9. Ne1 {(03:01} a5 {
(00:49} 10. Nd3 {(03:33} Na6 {(01:02} 11. e4 {(
02:34} Nd7 {(00:18} 12. a3 {(06:32} Ndc5 {(02:09} 13.
Be3 {(05:10} Nxd3 {(09:58} 14. Qxd3 {(00:06} f5 {
(02:11} 15. Qd2 {(11:26} Bd7 {(04:18} 16. Ne2 {(
08:39} a4 {(03:19} 17. exf5 {(06:28} gxf5 {(07:10} 18.
f4 {(00:17} Nc5 {(01:02} 19. Rad1 {(03:14} Nb3 {
(05:53} 20. Qc2 {(00:52} e4 {(08:02} 21. Nd4 {(
04:18} Nc5 {(04:32} 22. Qe2 {(04:20} Qe8 {(08:49} 23.
Kh1 {(04:43} h5 {(03:50} 24. Rg1 {(01:54} c6 {(
14:31} 25. Nc2 {(05:23} Nd3 {(03:33} 26. dxc6 {(00:14}
bxc6 {(00:12} 27. Nb4 {(00:11} Nxb4 {(03:58} 28. axb4 {
(00:06} Qg6 {(00:53} 29. Qd2 {(05:01} a3 {(07:
07} 30. bxa3 {(01:13} Rxa3 {(00:32} 31. Bd4 {(00:04}
Rd3 {(00:29} 32. Qxd3 {(01:17} exd3 {(00:13} 33. Rxd3 {
(00:06} Qe6 {(02:40} 34. Rgd1 {(01:05} Bxd4 {(
07:06} 35. Rxd4 {(00:06} Rf6 {(00:03} 36. b5 {(00:14}
Qe8 {(01:16} 37. Ra1 {(00:56} Re6 {(00:49} 38. Rdd1 {
(00:13} Kh8 {(01:21} 39. b6 {(01:05} Bc8 {(00:
09} 40. Bh3 {(00:00} Re2 {(00:00} 0-1

[Event "42nd Olympiad Baku 2016 Women"]
[Site "Baku"]
[Date "2016.09.08"]
[Round "6.1"]
[White "Arribas Robaina, Maritza"]
[Black "Vovk, Oksana"]
[Result "1/2-1/2"]
[ECO "C11"]
[WhiteElo "2315"]
[BlackElo "2204"]
[Annotator ""]
[PlyCount "79"]
[EventDate "2016.??.??"]
[EventType "team-tourn"]
[EventCountry "AZE"]
[SourceTitle "playchess.com"]
[Source "ChessBase"]
[WhiteTeam "Cuba"]
[BlackTeam "Denmark"]
[WhiteTeamCountry "CUB"]
[BlackTeamCountry "DEN"]
[TimeControl "40/5400+30:1800+30"]

1. e4 {(00:00} e6 {(00:00} 2. d4 {(00:00} d5 {(
00:00} 3. Nc3 {(00:00} Nf6 {(00:01} 4. Bd3 {(00:44} c5
{(07:54} 5. exd5 {(02:20} exd5 {(08:32} 6. Nf3 {
(01:44} c4 {(01:58} 7. Be2 {(00:14} Nc6 {(08:03]
} 8. O-O {(01:09} Be7 {(04:28} 9. Ne5 {(08:10} Qb6 {
(05:38} 10. Nxc6 {(02:37} Qxc6 {(01:46} 11. Re1 {
(03:43} Be6 {(07:41} 12. Bf3 {(04:02} b5 {(09:
27} 13. Bg5 {(01:41} Rd8 {(03:54} 14. Ne2 {(01:25} h6
{(04:40} 15. Bxf6 {(02:03} Bxf6 {(00:47} 16. Nf4 {
(03:12} O-O {(01:26} 17. Nxe6 {(03:13} fxe6 {(
00:12} 18. c3 {(00:54} Qd6 {(06:57} 19. Qe2 {(05:44}
Rfe8 {(01:04} 20. Bh5 {(01:14} Re7 {(00:11} 21. Qg4 {
(04:25} e5 {(03:44} 22. dxe5 {(04:44} Bxe5 {(02:
56} 23. f4 {(03:03} Bf6 {(04:24} 24. Kf1 {(08:31} Rf8
{(06:41} 25. g3 {(01:26} d4 {(00:40} 26. Rxe7 {(
08:37} Qxe7 {(00:26} 27. Re1 {(02:16} Qb7 {(01:54} 28.
Qe6+ {(09:21} Kh8 {(00:04} 29. Re4 {(00:29} dxc3 {
(01:10} 30. bxc3 {(00:07} Bxc3 {(01:37} 31. Bg6 {
(01:28} Qc8 {(00:40} 32. Qd5 {(00:56} Rd8 {(01:
11} 33. Qxb5 {(01:19} Qh3+ {(00:36} 34. Kf2 {(00:13}
Rd2+ {(03:24} 35. Kf3 {(00:05} Qf1+ {(00:43} 36. Kg4 {
(00:48} Qd1+ {(00:16} 37. Kh3 {(00:40} Qf1+ {(
00:17} 38. Kg4 {(00:07} Qd1+ {(00:07} 39. Kh3 {(00:13}
Qf1+ {(00:14} 40. Kg4 {(00:00} 1/2-1/2

[Event "42nd Olympiad Baku 2016 Women"]
[Site "Baku"]
[Date "2016.09.08"]
[Round "6.27"]
[White "Ashley, Christiana Naa Merl"]
[Black "Alawadhi, Amenah"]
[Result "0-1"]
[ECO "B01"]
[WhiteElo "1390"]
[BlackElo "1393"]
[Annotator ""]
[PlyCount "78"]
[EventDate "2016.??.??"]
[EventType "team-tourn"]
[EventCountry "AZE"]
[SourceTitle "playchess.com"]
[Source "ChessBase"]
[WhiteTeam "Ghana"]
[BlackTeam "Kuwait"]
[WhiteTeamCountry "GHA"]
[BlackTeamCountry "KUW"]
[TimeControl "40/5400+30:1800+30"]

1. e4 {(00:00} d5 {(00:00} 2. exd5 {(00:00} Nf6 {
(00:00} 3. c4 {(00:36} c6 {(00:18} 4. Nc3 {(02:
16} e6 {(09:15} 5. Nf3 {(01:57} exd5 {(03:53} 6. d4 {
(01:28} Be7 {(05:01} 7. Be2 {(01:10} O-O {(00:
58} 8. O-O {(00:11} dxc4 {(04:55} 9. Bxc4 {(00:13} b5
{(00:16} 10. Bb3 {(03:42} Bg4 {(03:52} 11. Be3 {
(03:49} Nbd7 {(05:35} 12. d5 {(01:01} Ne5 {(07:
15} 13. dxc6 {(05:18} Bxf3 {(03:50} 14. Qxd8 {(00:54}
Raxd8 {(01:12} 15. Nxb5 {(00:41} Bxc6 {(03:18} 16. Nxa7
{(01:40} Bd7 {(02:18} 17. f4 {(05:08} Neg4 {(02:
03} 18. Bd4 {(03:53} Nh6 {(08:23} 19. Rae1 {(01:13}
Bb4 {(01:25} 20. Rc1 {(02:16} Nf5 {(00:50} 21. Bc3 {
(04:40} Bc5+ {(00:53} 22. Kh1 {(01:16} Bxa7 {(
00:10} 23. Ba5 {(00:32} Rde8 {(02:23} 24. Rc7 {(00:49}
Bd4 {(05:08} 25. Bc3 {(00:42} Bxc3 {(05:23} 26. bxc3 {
(00:43} Rc8 {(00:50} 27. Rxc8 {(01:46} Rxc8 {(
00:04} 28. Rc1 {(00:45} Bc6 {(02:31} 29. Kg1 {(00:49}
g6 {(00:40} 30. a4 {(00:54} Nd5 {(00:26} 31. g3 {
(00:38} h5 {(01:38} 32. c4 {(00:45} Nde3 {(01:
30} 33. c5 {(02:16} Rd8 {(00:13} 34. Kf2 {(00:28} Rd2+
{(00:25} 35. Ke1 {(00:26} Rxh2 {(00:17} 36. a5 {
(01:41} Nd4 {(01:41} 37. Bd1 {(03:04} Nxd1 {(04:
20} 38. Kxd1 {(02:02} Ba4+ {(04:12} 39. Ke1 {(03:39}
Nf3+ {(01:34} 0-1

[Event "42nd Olympiad Baku 2016 Women"]
[Site "Baku"]
[Date "2016.09.08"]
[Round "6.19"]
[White "Atabayeva, Gozel"]
[Black "Tin, Ruiqi"]
[Result "1-0"]
[ECO "C22"]
[WhiteElo "2021"]
[BlackElo "1892"]
[Annotator ""]
[PlyCount "133"]
[EventDate "2016.??.??"]
[EventType "team-tourn"]
[EventCountry "AZE"]
[SourceTitle "playchess.com"]
[Source "ChessBase"]
[WhiteTeam "Turkmenistan"]
[BlackTeam "Singapore"]
[WhiteTeamCountry "TKM"]
[BlackTeamCountry "SIN"]
[TimeControl "40/5400+30:1800+30"]

1. e4 {(00:00} e5 {(00:00} 2. d4 {(00:00} exd4 {
(00:00} 3. Qxd4 {(00:00} Nc6 {(00:00} 4. Qe3 {(
00:12} Nf6 {(00:01} 5. Nc3 {(00:09} Bb4 {(00:37} 6.
Bd2 {(00:13} O-O {(00:42} 7. O-O-O {(01:24} Re8 {
(01:14} 8. Bc4 {(00:34} d6 {(02:22} 9. f3 {(05:
23} Ne5 {(03:56} 10. Bb3 {(00:47} a5 {(03:17} 11. a3 {
(02:00} Bc5 {(00:58} 12. Qe2 {(05:49} b5 {(14:
51} 13. Be3 {(08:58} Bxe3+ {(08:54} 14. Qxe3 {(00:06}
b4 {(08:53} 15. Na4 {(02:27} bxa3 {(04:43} 16. bxa3 {
(00:08} Qe7 {(08:57} 17. Qc3 {(03:46} Ba6 {(05:
48} 18. g4 {(06:41} Nexg4 {(11:31} 19. fxg4 {(00:53}
Nxe4 {(03:18} 20. Qe3 {(03:44} Qf6 {(05:14} 21. Qd4 {
(01:50} Qxd4 {(08:31} 22. Rxd4 {(00:09} c5 {(03:
46} 23. Rxe4 {(10:20} Rxe4 {(00:10} 24. Bd5 {(04:46}
Re1+ {(00:50} 25. Kd2 {(00:50} Rae8 {(00:40} 26. Nc3 {
(01:48} Kf8 {(00:57} 27. Nh3 {(01:32} Rxh1 {(00:
09} 28. Bxh1 {(00:11} Re5 {(01:20} 29. Nf4 {(06:39} f6
{(01:48} 30. Bd5 {(04:55} Ke7 {(00:26} 31. Be4 {
(07:04} g6 {(00:47} 32. h4 {(03:19} f5 {(00:20}
33. gxf5 {(00:39} gxf5 {(00:04} 34. Bd5 {(01:12} Kf6 {
(00:50} 35. a4 {(04:24} Bc8 {(00:55} 36. Bc6 {(
04:12} Ke7 {(00:35} 37. Bd5 {(02:00} Kf6 {(00:24} 38.
Nb5 {(01:56} Ke7 {(00:32} 39. c4 {(00:15} Bd7 {(
00:35} 40. Nd3 {(00:00} h6 {(00:00} 41. Nxe5 {(02:21}
dxe5 {(00:42} 42. Ke3 {(01:54} Be8 {(07:21} 43. Nc3 {
(01:16} Kf6 {(03:19} 44. Bg2 {(06:57} Kg6 {(04:
56} 45. Bf3 {(00:54} Bd7 {(02:56} 46. Bd1 {(03:06} Bc6
{(04:59} 47. Nd5 {(04:51} Bd7 {(04:37} 48. Bc2 {
(01:36} Be6 {(01:49} 49. Bd1 {(04:42} Bd7 {(01:
57} 50. Bb3 {(00:25} Be6 {(01:16} 51. Bd1 {(05:47} Bd7
{(00:46} 52. Nc7 {(01:22} Bc8 {(00:48} 53. Be2 {
(02:38} Kf7 {(01:03} 54. Bh5+ {(00:30} Kf6 {(00:
35} 55. Nd5+ {(01:03} Kg7 {(00:48} 56. Be8 {(00:55}
Ba6 {(00:30} 57. Bb5 {(00:40} Bb7 {(00:25} 58. Bd7 {
(05:17} Bxd5 {(00:39} 59. cxd5 {(00:01} Kf6 {(
00:21} 60. Bb5 {(00:26} Ke7 {(00:26} 61. Bd3 {(00:22}
Kd6 {(00:43} 62. Bxf5 {(00:48} Kxd5 {(00:04} 63. Kd3 {
(00:11} c4+ {(00:56} 64. Kc3 {(00:06} e4 {(00:
27} 65. Bg6 {(00:21} e3 {(00:25} 66. Bh5 {(00:12} Kc5
{(00:29} 67. Bf3 1-0

[Event "42nd Olympiad Baku 2016 Women"]
[Site "Baku"]
[Date "2016.09.08"]
[Round "6.1"]
[White "Atalik, Ekaterina"]
[Black "Krush, Irina"]
[Result "0-1"]
[ECO "D20"]
[WhiteElo "2422"]
[BlackElo "2444"]
[Annotator ""]
[PlyCount "82"]
[EventDate "2016.??.??"]
[EventType "team-tourn"]
[EventCountry "AZE"]
[SourceTitle "playchess.com"]
[Source "ChessBase"]
[WhiteTeam "Turkey"]
[BlackTeam "United States"]
[WhiteTeamCountry "TUR"]
[BlackTeamCountry "USA"]
[TimeControl "40/5400+30:1800+30"]

1. d4 {(00:00} d5 {(00:00} 2. c4 {(00:00} dxc4 {
(00:00} 3. e4 {(00:19} Nf6 {(00:34} 4. e5 {(00:
04} Nd5 {(00:10} 5. Bxc4 {(00:20} Nb6 {(00:22} 6. Bd3
{(00:23} Nc6 {(00:24} 7. Ne2 {(00:30} Bg4 {(00:
39} 8. f3 {(00:41} Be6 {(00:29} 9. Nbc3 {(00:45} Qd7 {
(00:48} 10. Ne4 {(01:25} Bd5 {(00:42} 11. Nc5 {(
01:05} Qc8 {(00:13} 12. Bd2 {(03:52} Nc4 {(08:06} 13.
Bxc4 {(10:21} Bxc4 {(03:17} 14. b3 {(05:29} Bxe2 {
(06:14} 15. Qxe2 {(00:10} e6 {(00:17} 16. Qe4 {(
01:52} Bxc5 {(02:01} 17. dxc5 {(00:03} O-O {(16:16}
18. O-O {(03:11} Rd8 {(01:07} 19. Be3 {(10:17} Rd5 {
(01:07} 20. f4 {(00:23} Qd7 {(00:21} 21. Bf2 {(
01:19} h6 {(03:51} 22. b4 {(03:54} a6 {(08:19} 23. h3
{(04:59} Ne7 {(14:29} 24. a4 {(01:21} c6 {(00:
58} 25. Rab1 {(02:40} Rd2 {(01:29} 26. Be1 {(22:05}
Rd4 {(09:12} 27. Qf3 {(02:46} Ng6 {(03:46} 28. g3 {
(02:31} Rd8 {(00:11} 29. Bf2 {(01:35} Rd3 {(01:
52} 30. Qe4 {(00:08} Ne7 {(00:23} 31. Kg2 {(03:39} Rd2
{(01:27} 32. Rb3 {(02:56} Ra2 {(03:25} 33. a5 {(
01:22} Qd2 {(01:36} 34. Kg1 {(00:35} Nf5 {(01:00} 35.
g4 {(05:49} Nd4 {(02:35} 36. Re3 {(00:18} Ne2+ {
(00:13} 37. Kh1 {(03:50} Rd4 {(02:21} 38. Qg2 {(
00:45} Rxf4 {(01:51} 39. Rf3 {(00:47} Qd5 {(03:54} 40.
Rxf4 {(00:00} Nxf4 {(00:00} 41. Qxd5 {(01:33} Nxd5 {
(00:47} 0-1

[Event "42nd Olympiad Baku 2016 Women"]
[Site "Baku"]
[Date "2016.09.08"]
[Round "6.16"]
[White "Avalos, Rosana"]
[Black "Romero Echeverria, Abigail"]
[Result "0-1"]
[ECO "A45"]
[WhiteElo "1576"]
[BlackElo "2106"]
[Annotator ""]
[PlyCount "56"]
[EventDate "2016.??.??"]
[EventType "team-tourn"]
[EventCountry "AZE"]
[SourceTitle "playchess.com"]
[Source "ChessBase"]
[WhiteTeam "Paraguay"]
[BlackTeam "Ecuador"]
[WhiteTeamCountry "PAR"]
[BlackTeamCountry "ECU"]
[TimeControl "40/5400+30:1800+30"]

1. d4 {(00:00} Nf6 {(00:00} 2. Bf4 {(00:00} c5 {
(00:22} 3. e3 {(01:03} e6 {(04:15} 4. Nc3 {(00:
43} Qa5 {(05:56} 5. Qd2 {(41:22} Nc6 {(02:58} 6. Nb5 {
(06:10} Qxd2+ {(01:34} 7. Kxd2 {(00:08} Nd5 {(
00:04} 8. Nd6+ {(07:11} Bxd6 {(00:22} 9. Bxd6 {(00:07}
cxd4 {(00:07} 10. exd4 {(01:37} Nxd4 {(01:04} 11. Be5 {
(00:37} Nf5 {(04:09} 12. g4 {(08:48} d6 {(04:41]
} 13. c4 {(13:27} dxe5 {(01:25} 14. cxd5 {(00:10} Nd4 {
(00:27} 15. Re1 {(03:17} f6 {(05:31} 16. f4 {(
06:12} exf4 {(02:48} 17. dxe6 {(00:36} Bxe6 {(01:17}
18. Kc3 {(01:41} O-O-O {(01:08} 19. Bg2 {(03:09} Bxg4 {
(05:27} 20. Re7 {(00:41} f3 {(00:19} 21. Bf1 {(
01:40} Nf5 {(09:38} 22. Re4 {(00:12} h5 {(00:23} 23.
h3 {(00:23} Ng3 {(00:29} 24. Rc4+ {(01:16} Kb8 {
(00:01} 25. hxg4 {(00:29} Nxh1 {(00:22} 26. Nxf3 {
(00:36} h4 {(00:09} 27. Bg2 {(00:48} Nf2 {(00:
17} 28. Nh2 {(00:48} Nd1+ {(00:25] Kd4} 0-1

[Event "42nd Olympiad Baku 2016 Women"]
[Site "Baku"]
[Date "2016.09.08"]
[Round "6.10"]
[White "Avramidou, Anastasia"]
[Black "Monroy G, Nataly A"]
[Result "1-0"]
[ECO "E90"]
[WhiteElo "2273"]
[BlackElo "2105"]
[Annotator ""]
[PlyCount "69"]
[EventDate "2016.??.??"]
[EventType "team-tourn"]
[EventCountry "AZE"]
[SourceTitle "playchess.com"]
[Source "ChessBase"]
[WhiteTeam "Greece"]
[BlackTeam "Bolivia"]
[WhiteTeamCountry "GRE"]
[BlackTeamCountry "BOL"]
[TimeControl "40/5400+30:1800+30"]

1. d4 {(00:00} Nf6 {(00:00} 2. c4 {(00:00} g6 {(
00:01} 3. Nc3 {(00:00} Bg7 {(00:17} 4. e4 {(00:00} d6
{(00:13} 5. Nf3 {(00:00} O-O {(00:25} 6. h3 {(
00:00} c5 {(00:09} 7. d5 {(03:24} e6 {(01:09} 8. Bd3 {
(04:05} exd5 {(00:06} 9. cxd5 {(00:09} b5 {(05:
18} 10. O-O {(21:25} a6 {(04:25} 11. a3 {(02:29} Re8 {
(04:18} 12. Re1 {(00:41} Nbd7 {(07:16} 13. Bf4 {
(03:55} Qc7 {(10:58} 14. Rc1 {(07:42} c4 {(01:
05} 15. Bf1 {(10:12} Nh5 {(06:21} 16. Bh2 {(02:24} Bh6
{(16:35} 17. Rc2 {(04:46} Bf4 {(17:59} 18. g3 {(
10:19} Be5 {(00:41} 19. Nxe5 {(00:09} Nxe5 {(00:16}
20. g4 {(01:34} Nf6 {(00:36} 21. Kh1 {(05:10} Ned7 {
(07:17} 22. Qf3 {(07:23} Bb7 {(02:05} 23. Rce2 {
(00:08} Qd8 {(01:06} 24. Bxd6 {(01:58} Qb6 {(03:
08} 25. e5 {(05:06} h6 {(01:45} 26. Bg2 {(00:49} Nh7 {
(01:30} 27. Qf4 {(01:02} a5 {(02:01} 28. e6 {(
01:39} fxe6 {(00:45} 29. Rxe6 {(00:13} Rxe6 {(00:54}
30. Rxe6 {(00:07} Ndf6 {(00:39} 31. Be7 {(00:28} Nxd5 {
(01:20} 32. Qe5 {(01:42} Qxf2 {(01:30} 33. Rxg6+ {
(00:07} Kf7 {(00:03} 34. Qe6+ {(00:20} Ke8 {(00:
10} 35. Rg8+ {(00:06} 1-0

[Event "42nd Olympiad Baku 2016 Women"]
[Site "Baku"]
[Date "2016.09.08"]
[Round "6.11"]
[White "Azman Hisham, Nur Najiha"]
[Black "Sherif, Amina"]
[Result "1-0"]
[ECO "D20"]
[WhiteElo "1973"]
[BlackElo "2028"]
[Annotator ""]
[PlyCount "83"]
[EventDate "2016.??.??"]
[EventType "team-tourn"]
[EventCountry "AZE"]
[SourceTitle "playchess.com"]
[Source "ChessBase"]
[WhiteTeam "Malaysia"]
[BlackTeam "Egypt"]
[WhiteTeamCountry "MAS"]
[BlackTeamCountry "EGY"]
[TimeControl "40/5400+30:1800+30"]

1. d4 {(00:00} d5 {(00:00} 2. c4 {(00:37} dxc4 {
(00:14} 3. Nc3 {(00:45} a6 {(00:48} 4. a4 {(01:
43} Nc6 {(00:33} 5. d5 {(09:05} Ne5 {(14:04} 6. Bf4 {
(12:13} Ng6 {(02:04} 7. Bg3 {(00:14} Nf6 {(09:
42} 8. e4 {(03:51} e5 {(01:13} 9. dxe6 {(06:33} Bxe6 {
(00:50} 10. f4 {(03:06} Qxd1+ {(03:09} 11. Rxd1 {
(00:14} Bg4 {(00:39} 12. Be2 {(03:07} Bxe2 {(00:
47} 13. Ngxe2 {(00:19} Nh5 {(03:37} 14. Nd5 {(04:33}
O-O-O {(05:05} 15. Bf2 {(07:04} c6 {(13:16} 16. Nb6+ {
(01:13} Kc7 {(00:06} 17. Rxd8 {(01:51} Kxd8 {(
00:07} 18. g3 {(00:42} Bb4+ {(08:33} 19. Nc3 {(11:20}
Nf6 {(01:44} 20. Ke2 {(08:53} Kc7 {(03:26} 21. Rd1 {
(02:51} Re8 {(12:58} 22. e5 {(02:58} Ba5 {(00:
25} 23. Nxc4 {(01:41} Bxc3 {(00:43} 24. Bb6+ {(02:02}
Kb8 {(00:10} 25. bxc3 {(00:05} Nd5 {(00:32} 26. Ba5 {
(05:01} f6 {(01:20} 27. Nd6 {(00:57} Re6 {(01:
19} 28. Nc4 {(06:23} Re8 {(09:01} 29. Nd6 {(02:45} Re6
{(06:58} 30. c4 {(00:09} Nc7 {(00:48} 31. Bc3 {(
00:43} fxe5 {(00:43} 32. f5 {(00:10} Rf6 {(00:16} 33.
fxg6 {(00:08} Rxg6 {(00:09} 34. c5 {(01:35} Re6 {
(00:37} 35. Rb1 {(01:25} b5 {(00:27} 36. cxb6 {(
00:38} Nd5 {(00:15} 37. Ne4 {(00:06} Nxc3+ {(00:53}
38. Nxc3 {(00:06} Rh6 {(00:08} 39. h4 {(00:17} a5 {
(00:17} 40. Ne4 {(00:00} Rh5 {(00:00} 41. b7 {(
00:27} Rf5 {(01:32} 42. Nc5 {(00:06} 1-0

[Event "42nd Olympiad Baku 2016 Women"]
[Site "Baku"]
[Date "2016.09.08"]
[Round "6.7"]
[White "Badelka, Olga"]
[Black "Gutmakher, Olga"]
[Result "1/2-1/2"]
[ECO "A20"]
[WhiteElo "2222"]
[BlackElo "2216"]
[Annotator ""]
[PlyCount "124"]
[EventDate "2016.??.??"]
[EventType "team-tourn"]
[EventCountry "AZE"]
[SourceTitle "playchess.com"]
[Source "ChessBase"]
[WhiteTeam "Belarus"]
[BlackTeam "Israel"]
[WhiteTeamCountry "BLR"]
[BlackTeamCountry "ISR"]
[TimeControl "40/5400+30:1800+30"]

1. c4 {(00:00} e5 {(00:00} 2. g3 {(00:00} c6 {(
00:00} 3. d4 {(00:02} e4 {(00:00} 4. Bg2 {(08:28} d5 {
(00:31} 5. Nc3 {(00:13} Nf6 {(00:34} 6. Nh3 {(
05:00} h6 {(06:10} 7. cxd5 {(03:54} cxd5 {(00:30} 8.
e3 {(00:06} Bd6 {(02:50} 9. Nf4 {(01:48} Bxf4 {(
03:03} 10. exf4 {(03:26} O-O {(01:56} 11. h3 {(02:21}
Nc6 {(01:33} 12. Be3 {(00:17} b5 {(04:38} 13. O-O {
(04:55} a6 {(01:20} 14. g4 {(02:22} g6 {(18:00}
15. f5 {(07:02} gxf5 {(13:03} 16. Bxh6 {(02:30} fxg4 {
(01:04} 17. Qd2 {(15:05} Nh7 {(06:09} 18. hxg4 {
(03:41} Re8 {(06:52} 19. f3 {(02:26} b4 {(04:16]
} 20. Ne2 {(01:18} Ra7 {(09:02} 21. fxe4 {(01:18} dxe4
{(02:08} 22. Qe3 {(01:39} Qd5 {(02:00} 23. Rac1 {
(01:27} Rae7 {(02:30} 24. Rf4 {(13:12} Bd7 {(02:
57} 25. g5 {(03:26} Qxa2 {(04:12} 26. b3 {(01:26} Qb2
{(02:45} 27. Rcf1 {(08:23} Be6 {(01:44} 28. g6 {
(01:15} fxg6 {(00:30} 29. Qg3 {(03:02} Qxe2 {(
01:55} 30. Qxg6+ {(00:10} Kh8 {(00:16} 31. Rf7 {(01:01]
} Qxf1+ {(02:04} 32. Rxf1 {(00:22} Rg8 {(00:45} 33. Qh5
{(03:28} Bg4 {(00:25} 34. Qc5 {(01:11} Bf3 {(00:
19} 35. Rf2 {(00:09} Re6 {(00:50} 36. Kf1 {(01:04}
Rxh6 {(00:32} 37. Bxf3 {(00:16} exf3 {(00:10} 38. Rxf3
{(00:41} Rhg6 {(00:28} 39. Ke2 {(00:33} Ng5 {(
00:30} 40. Re3 {(00:00} Rh6 {(00:00} 41. d5 {(01:46}
Nd8 {(05:10} 42. Qxb4 {(02:45} Ndf7 {(01:21} 43. Qd4+ {
(07:09} Rg7 {(03:16} 44. Rc3 {(04:49} Rh2+ {(03:
27} 45. Kd3 {(01:40} Nd6 {(00:53} 46. Qe5 {(07:11}
Rh3+ {(01:19} 47. Kc2 {(00:34} Rxc3+ {(00:24} 48. Qxc3
{(01:05} Nge4 {(01:06} 49. Qa5 {(01:11} Rg2+ {(
01:00} 50. Kd3 {(01:23} Kg7 {(01:31} 51. Kd4 {(01:07}
Rg3 {(04:45} 52. Qxa6 {(00:50} Rxb3 {(00:38} 53. Qa5 {
(02:46} Rb7 {(02:32} 54. Kd3 {(00:38} Rd7 {(00:
41} 55. Qa1+ {(00:33} Nf6 {(00:26} 56. Qa4 {(02:11}
Rd8 {(01:12} 57. Qa5 {(00:19} Rd7 {(00:39} 58. Qa4 {
(00:05} Re7 {(00:35} 59. Qb4 {(00:38} Rd7 {(01:
51} 60. Qa4 {(00:04} Rd8 {(00:43} 61. Qa5 {(00:05} Rd7
{(01:50} 62. Qa4 {(00:05} Kf7 {(01:39] Ke4} 1/2-1/2

[Event "42nd Olympiad Baku 2016 Women"]
[Site "Baku"]
[Date "2016.09.08"]
[Round "6.6"]
[White "Baktach, Nesrine"]
[Black "Domingos, Maria M"]
[Result "1/2-1/2"]
[ECO "C42"]
[WhiteElo "1637"]
[BlackElo "1689"]
[Annotator ""]
[PlyCount "77"]
[EventDate "2016.??.??"]
[EventType "team-tourn"]
[EventCountry "AZE"]
[SourceTitle "playchess.com"]
[Source "ChessBase"]
[WhiteTeam "Tunisia"]
[BlackTeam "Angola"]
[WhiteTeamCountry "TUN"]
[BlackTeamCountry "ANG"]
[TimeControl "40/5400+30:1800+30"]

1. e4 {(00:00} e5 {(00:00} 2. Nf3 {(00:00} Nf6 {
(00:00} 3. Nxe5 {(00:00} Qe7 {(00:00} 4. Nf3 {(
00:31} Nxe4 {(00:23} 5. Be2 {(00:36} Nc6 {(01:12} 6.
Nc3 {(01:17} d6 {(00:45} 7. O-O {(02:38} Bd7 {(
00:43} 8. Nd5 {(06:01} Qd8 {(01:41} 9. Re1 {(04:38}
Nc5 {(01:32} 10. d4 {(03:38} Ne6 {(00:37} 11. c3 {
(03:46} Be7 {(01:27} 12. Bd3 {(09:19} O-O {(00:
38} 13. Bc2 {(01:38} Re8 {(00:25} 14. Qd3 {(02:20} g6
{(00:24} 15. Nxe7+ {(01:56} Nxe7 {(01:25} 16. Bb3 {
(10:07} Ng7 {(04:38} 17. Ng5 {(07:46} d5 {(00:
38} 18. Qf3 {(06:14} Nef5 {(06:33} 19. Bd2 {(02:32} c6
{(00:36} 20. Rxe8+ {(02:21} Qxe8 {(03:29} 21. Re1 {
(00:41} Ne6 {(00:32} 22. Bc2 {(04:37} Nfg7 {(05:
55} 23. Qh3 {(05:41} h5 {(00:51} 24. Qf3 {(01:57} Qf8
{(00:27} 25. Nh3 {(04:13} Re8 {(01:35} 26. Qg3 {
(01:30} Re7 {(04:37} 27. f4 {(04:43} Nd8 {(01:
30} 28. Ng5 {(01:59} Bf5 {(01:30} 29. Bxf5 {(02:10}
Nxf5 {(00:02} 30. Qf2 {(00:57} Qe8 {(00:36} 31. Nf3 {
(01:18} Re4 {(01:17} 32. Ne5 {(01:45} Rxe1+ {(
00:46} 33. Qxe1 {(00:50} Nd6 {(00:42} 34. Nd3 {(00:54}
Ne4 {(01:09} 35. Nf2 {(01:43} f5 {(01:08} 36. Nd3 {
(00:19} Nf7 {(00:05} 37. Bc1 {(01:00} Qe6 {(03:
42} 38. Be3 {(01:48} a6 {(01:59} 39. Bf2 {(00:51}
1/2-1/2

[Event "42nd Olympiad Baku 2016 Women"]
[Site "Baku"]
[Date "2016.09.08"]
[Round "6.26"]
[White "Baqer, Fatemah Alzahraa"]
[Black "Allotey, Dorcas"]
[Result "1-0"]
[ECO "C55"]
[WhiteElo "1204"]
[BlackElo "1504"]
[Annotator ""]
[PlyCount "77"]
[EventDate "2016.??.??"]
[EventType "team-tourn"]
[EventCountry "AZE"]
[SourceTitle "playchess.com"]
[Source "ChessBase"]
[WhiteTeam "Kuwait"]
[BlackTeam "Ghana"]
[WhiteTeamCountry "KUW"]
[BlackTeamCountry "GHA"]
[TimeControl "40/5400+30:1800+30"]

1. e4 {(00:00} e5 {(00:00} 2. Nf3 {(00:00} Nc6 {
(00:25} 3. Bc4 {(00:00} Nf6 {(02:17} 4. d3 {(00:
34} Bb4+ {(00:26} 5. c3 {(00:20} Bc5 {(00:49} 6. b4 {
(02:18} Bxf2+ {(00:53} 7. Kxf2 {(00:35} Ng4+ {(
00:13} 8. Ke2 {(02:03} d6 {(02:18} 9. h3 {(00:19} Nf6
{(01:03} 10. Re1 {(01:06} a6 {(02:22} 11. Na3 {(
00:40} Rb8 {(00:29} 12. Kf1 {(01:03} h6 {(02:05} 13.
Bd2 {(03:49} b5 {(00:46} 14. Bb3 {(01:02} Bd7 {(
00:28} 15. Nc2 {(06:41} Ne7 {(00:51} 16. a3 {(01:25}
c6 {(01:34} 17. d4 {(02:01} d5 {(03:03} 18. Nxe5 {
(01:03} dxe4 {(02:30} 19. Nxf7 {(00:24} Qc7 {(
00:30} 20. Nxh8 {(00:50} Qh2 {(00:50} 21. Ne3 {(03:26}
Ng6 {(07:05} 22. Nxg6 {(00:23} Kd8 {(08:00} 23. Kf2 {
(01:44} Bxh3 {(01:53} 24. Nf4 {(01:15} Qxf4+ {(
00:31} 25. Kg1 {(01:04} Kc7 {(06:22} 26. Nd5+ {(02:21}
Nxd5 {(00:50} 27. Bxf4+ {(00:09} Nxf4 {(00:51} 28. gxh3
{(00:11} Nxh3+ {(00:16} 29. Kg2 {(00:23} Nf4+ {(
00:40} 30. Kf1 {(00:41} Re8 {(03:05} 31. Qg4 {(01:31}
g5 {(02:08} 32. Qf5 {(01:14} e3 {(02:51} 33. Qf7+ {
(00:40} Kd8 {(01:37} 34. d5 {(01:15} g4 {(06:43]
} 35. dxc6 {(00:54} g3 {(00:20} 36. Rad1+ {(00:08} Kc8
{(00:59} 37. Qxe8+ {(00:17} Kc7 {(00:23} 38. Rxe3 {
(02:07} g2+ {(02:01} 39. Kg1 {(00:00} 1-0